 Dungeon Crawl Stone Soup version 0.20.0-15-g7f486f2 (webtiles) character file.

64 greprep the Sneak (level 4, -4/27 HPs)
             Began as an Octopode Enchanter on June 27, 2017.
             Killed from afar by panicbit's ghost (17 damage)
             ... with a spray of energy
             ... on level 3 of the Dungeon.
             The game lasted 00:03:09 (1967 turns).

greprep the Sneak (Octopode Enchanter)              Turns: 1967, Time: 00:03:09

Health: -4/27      AC:  1    Str:  7    XL:     4   Next: 12%
Magic:  3/7        EV: 13    Int: 17    God:
Gold:   100        SH:  0    Dex: 13    Spells: 1/7 levels left

rFire    . . .     SeeInvis .   a - +1 dagger
rCold    . . .     Gourm    .   (no shield)
rNeg     . . .     Faith    .   (helmet restricted)
rPois    .         Spirit   .   (no amulet)
rElec    .         Reflect  .   (no ring)
rCorr    .         Harm     .   (no ring)
MR       .....                  (no ring)
Stlth    ++........             (no ring)
Regen    0.1/turn               (no ring)
MPRegen  0.1/turn               (no ring)
                                (no ring)
                                (no ring)

@: confused, very slightly contaminated
A: almost no armour, stealthy swim, amphibious, 8 rings, constrict 8, camouflage
1, gelatinous body 1
a: no special abilities


You were on level 3 of the Dungeon.
You were not hungry.

You visited 1 branch of the dungeon, and saw 3 of its levels.

You collected 100 gold pieces.

Inventory:

Hand Weapons
 a - a +1 dagger (weapon)
Scrolls
 d - a scroll of amnesia {unknown}
 e - a scroll of fear
 f - a scroll of teleportation {unknown}
 g - 2 scrolls of remove curse
 h - a scroll of fog {unknown}
 l - a scroll of identify {unknown}
 m - a scroll of enchant armour {unknown}
 o - a scroll of recharging {unknown}
Potions
 j - a potion of cancellation {unknown}
 k - a potion of curing {unknown}
 n - 2 potions of heal wounds {unknown}
Books
 b - a book of Maledictions

   Spells                             Type                      Level
   a - Corona                         Hexes                        1
   b - Ensorcelled Hibernation        Hexes/Ice                    2
   c - Confuse                        Hexes                        3
   d - Tukima's Dance                 Hexes                        3
   e - Dazzling Spray                 Conjuration/Hexes            3
Comestibles
 c - 2 bread rations
 i - 2 meat rations


   Skills:
 - Level 1.0 Short Blades
 - Level 2.0 Dodging
 + Level 6.7 Stealth
 - Level 2.0 Spellcasting
 - Level 3.0 Hexes


You had one spell level left.
You knew the following spells:

 Your Spells              Type           Power        Failure   Level  Hunger
a - Corona                Hex            ##.....      5%          1    #......
b - Ensorcelled Hibernat  Hex/Ice        #.....       16%         2    ###....
c - Confuse               Hex            ##......     17%         3    ###....


Dungeon Overview and Level Annotations

Branches:
Dungeon (3/15)

Altars:
Trog

Annotations:
D:3 panicbit's ghost, amateur DECj


Innate Abilities, Weirdness & Mutations

You cannot wear most types of armour.
You are very stealthy in the water. (Stealth+)
You are amphibious.
You can wear up to eight rings at the same time.
You can use your tentacles to constrict eight enemies at once.
Your skin changes colour to match your surroundings (Stealth+).
Your rubbery body absorbs attacks. (AC +1, EV +1)


Message History

Unknown command.
Panicbit's ghost says, "You will never get the ORB!"
Panicbit's ghost casts a spell at you. The spray of energy hits you!
You are confused.
You bump into the rock wall.
You bump into the rock wall.
You're too confused to cast spells.
You bump into the rock wall.
You bump into the rock wall.
Panicbit's ghost hits you.
You miss panicbit's ghost.
You feel less confused.
Panicbit's ghost gestures at you while chanting.
The spray of energy hits you!
You are confused.
You're too confused to move!
Panicbit's ghost gestures at you while chanting.
The spray of energy hits you!
Ouch! That really hurt!
You die...

..) ####.. ...
#..)# #.# #..# #.#
##.## #.###.## #
####(.....## #.
#..........###.#
####.##..##.##.#.#
#.@..##..##.###..#
#W#####..##.#
##.## #.# #..##.#
#... #.# #..##.#
#### #.# #.>##.#
#.# #..#
#.#####†.##.
#.....#.....
####.....###


You could see panicbit's ghost.

Vanquished Creatures
  3 adders
  4 dart slugs
  A giant cockroach (D:2)
  2 hobgoblins
  3 jackals (D:2)
  A quokka (D:2)
  A ball python (D:2)
  2 bats
  5 frilled lizards
  4 goblins
  A kobold (D:2)
  6 rats
33 creatures vanquished.

Notes
Turn   | Place    | Note
-------+----------+-------------------------------------------
     0 | D:1      | greprep the Octopode Enchanter began the quest for the Orb.
     0 | D:1      | Reached XP level 1. HP: 11/11 MP: 3/3
   266 | D:1      | Reached XP level 2. HP: 17/17 MP: 5/5
   676 | D:1      | Reached skill level 5 in Stealth
   731 | D:2      | Reached XP level 3. HP: 19/21 MP: 6/6
   897 | D:2      | Reached skill level 6 in Stealth
  1275 | D:2      | Learned a level 2 spell: Ensorcelled Hibernation
  1761 | D:3      | Reached XP level 4. HP: 27/27 MP: 7/7
  1763 | D:3      | Noticed panicbit's ghost (amateur DECj)
  1774 | D:3      | Learned a level 3 spell: Confuse
  1942 | D:3      | Found a bloodstained altar of Trog.
  1967 | D:3      | Killed from afar by panicbit's ghost

Skill      XL: |  1  2  3 |
---------------+----------+-----
Stealth        | 5 6 |  6.7
Short Blades   | |  1.0
Dodging        | |  2.0
Spellcasting   | |  2.0
Hexes          | |  3.0

Action                   |  1- 3 |  4- 6 || total
-------------------------+-------+-------++-------
Melee: Dagger            |    49 |     7 ||    56
       Constrict         |    12 |     1 ||    13
       Tentacles         |     8 |       ||     8
 Cast: Ensorcelled Hiber |     2 |       ||     2
       Confuse           |       |     2 ||     2
  Use: Scroll            |     2 |       ||     2
 Stab: Sleeping          |    14 |     2 ||    16
  Eat: Meat ration       |     1 |       ||     1
Armor: Skin              |     7 |     1 ||     8
Dodge: Dodged            |    26 |     1 ||    27
